 Dungeon Crawl Stone Soup version 0.31-a0-971-g75a2e9a4b4 (webtiles) character file.

Game seed: 1660175381153347885

53 timneilson the Changeling (level 3, -1/20 HPs)
             Began as a Deep Elf Shapeshifter on Oct 28, 2023.
             Slain by an adder (3 damage)
             ... on level 2 of the Dungeon.
             The game lasted 00:05:30 (1301 turns).

timneilson the Changeling (Deep Elf Shapeshifter)   Turns: 1301, Time: 00:05:30

Health: -1/20      AC:  2    Str: 13    XL:     3   Next: 64%
Magic:  5/5        EV: 12    Int: 14    God:
Gold:   59         SH:  0    Dex: 14    Spells: 2/2 levels left

rFire   . .          .
                       - Unarmed
rCold   . . .        (no shield)
rNeg    . . .        a - +0 animal skin
rPois   .            (helmet currently unavailable)
rElec   .            (cloak currently unavailable)
rCorr   .            (gloves currently unavailable)
SInv    .            (boots currently unavailable)
Will    .....        (no amulet)
Stlth   ++           (no ring)
HPRegen 0.23/turn    (no ring)
MPRegen 0.09/turn

%: no passive effects
@: beast-form
A: beast (slay +2)
a: Begin Untransformation


You were on level 2 of the Dungeon.
You were a hulking beast.
You visited 1 branch of the dungeon, and saw 2 of its levels.

You collected 59 gold pieces.

Inventory:

Armour
 a - a +0 animal skin (worn)
 f - a +2 helmet
Jewellery
 i - a ring of wizardry
Talismans
 c - a beast talisman
 d - a flux talisman
Scrolls
 g - a scroll of enchant weapon
Potions
 b - a potion of lignification
 h - a potion of brilliance {unknown}
 j - a potion of enlightenment {unknown}


   Skills:
 * Level 1.5 Fighting
 + Level 0.7 Armour
 + Level 2.8 Dodging
 + Level 1.0 Stealth
 * Level 2.7 Unarmed Combat
 * Level 3.6 Shapeshifting


You had 2 spell levels left.
You didn't know any spells.
Your spell library was empty.

Dungeon Overview and Level Annotations

Branches:
Dungeon (2/15)

Altars:

Annotations:
D:2 Sigmund


Message History

You hit the worm.
You kill the worm!
Your Stealth skill increases to level 1!
You start resting.
HP restored.
Found a spear.
Okay, then.
An adder comes into view.
Found a stone staircase leading down.
A jackal comes into view.
An endoplasm comes into view.
The adder hisses angrily.
Sigmund barely misses you. Sigmund hits you with a +0 scythe.
You closely miss Sigmund.
The endoplasm quivers.
The adder bites you but does no damage.
Unknown command.
The jackal barks!
You hit Sigmund.
Sigmund is lightly wounded.
A jackal comes into view.
Sigmund points at you and mumbles some strange words.
The magic dart hits you. The adder closely misses you.
The jackal barks!
You hit Sigmund.
Sigmund is lightly wounded.
The adder bites you. Sigmund hits you with a +0 scythe!
* * * LOW HITPOINT WARNING * * *
Unknown command.
You barely miss Sigmund.
Sigmund is lightly wounded.
The adder closely misses you. Sigmund hits you with a +0 scythe.
* * * LOW HITPOINT WARNING * * *
The adder barely misses you.
Unknown command.
You hit Sigmund.
Sigmund is moderately wounded.
The adder bites you.
You die...

#@##.#
##..##.#############
#.##.#
#.....).............
#.##.#
#..###.#.###.#######
..##.#
#####..###.#.# #.#
........
...........#.# #.#
..##....
######.###.#.# #.#
..# ##. #. #.#.# #.#
..# ######@###.#.#
#.# ..#
#...hJSh.....# #.#
... ...>..h....###
#.# ###
...............
.##############


You could see Sigmund, an adder, an endoplasm and 2 jackals.

Vanquished Creatures
  2 adders
  A worm (D:2)
  A dart slug (D:2)
  7 ball pythons (D:1)
  2 endoplasms
  2 goblins
  6 hobgoblins
  A quokka (D:1)
  A bat (D:1)
  A frilled lizard (D:1)
  4 kobolds
  2 rats
30 creatures vanquished.

Notes
Turn   | Place    | Note
-------+----------+-------------------------------------------
     0 | D:1      | timneilson the Deep Elf Shapeshifter began the quest for
                  | the Orb.
     0 | D:1      | Reached XP level 1. HP: 11/11 MP: 3/3
   152 | D:1      | Reached skill level 1 in Fighting
   209 | D:1      | Reached XP level 2. HP: 16/16 MP: 4/4
   868 | D:1      | Reached XP level 3. HP: 11/20 MP: 5/5
   933 | D:2      | Noticed Sigmund
  1146 | D:2      | Found a faded altar of an unknown god.
  1146 | D:2      | Noticed a black bear
  1245 | D:2      | Reached skill level 1 in Stealth
  1300 | D:2      | HP: 1/20 [Sigmund/+0 scythe (1)]
  1301 | D:2      | Slain by an adder

Illustrated notes

Levels and vault maps discovered:
D:1:      wander_arrival_lonely_grave, layout_loops_ring, fountainhead
D:2:      kennysheep_the_goblin_king, layout_loops_ring,
          dreamdust_ecumenical_altar_angels_and_demons, uniq_jessica,
          uniq_natasha, uniq_sigmund

Skill      XL: |  1  2  3 |
---------------+----------+-----
Fighting       | 1 |  1.5
Stealth        | 1 |  1.0
Armour         | |  0.7
Dodging        | |  2.8
Unarmed Combat | |  2.7
Shapeshifting  | |  3.6

Action                     || total
---------------------------++-------
  Melee: Unarmed           ||    98
         Punch             ||     2
    Use: Scroll            ||     4
   Stab: Sleeping          ||     6
 Armour: Animal skin       ||    53
  Dodge: Dodged            ||    55

Table legend: (Time is in decaauts)
 A = Elapsed time spent in this place.
 B = Non-inter-level travel time spent in this place.
 C = Inter-level travel time spent in this place.
 D = Time resting spent in this place.
 E = Time spent auto-exploring this place.
 F = Levels seen in this place.
 G = Mean time per level.
                   A        B        C        D        E       F      G
               +--------+--------+--------+--------+--------+-----+--------+
         Total |   1300 |   1182 |    118 |    196 |    587 |   2 |  650.0 |
       Dungeon |   1300 |   1182 |    118 |    196 |    587 |   2 |  650.0 |
               +--------+--------+--------+--------+--------+-----+--------+

Top non-repeatable levels by time:
     D:1: 1057 daAuts
     D:2: 243 daAuts
